 Dungeon Crawl Stone Soup version 0.18.1-6-gd335043 (webtiles) character file.

1591 shmeve the Shield-Bearer (level 8, 0/73 HPs)
             Began as a Minotaur Berserker on May 19, 2016.
             Was an Elder of Trog.
             Slain by a troll (10 damage)
             ... on level 6 of the Dungeon.
             The game lasted 00:09:33 (4138 turns).

shmeve the Shield-Bearer (Minotaur Berserker)       Turns: 4138, Time: 00:09:34

Health: 0/73       AC: 15    Str: 24    XL:     8   Next: 61%
Magic:  7/7        EV:  7    Int:  5    God:    Trog [****..]
Gold:   376        SH: 16    Dex:  9    Spells: 0 memorised, 7 levels left

rFire  . . .     SeeInvis .     h - +0 war axe
rCold  . . .     Gourm    .     e - +0 plate armour
rNeg   . . .     Faith    .     m - +0 large shield (curse)
rPois  .         Spirit   .     (helmet restricted)
rElec  .         Dismiss  .     v - +0 cloak
rCorr  .         Reflect  .     p - +0 pair of gloves
SustAt .         Harm     .     u - +0 pair of boots
MR     .....                    (no amulet)
Stlth  ..........               B - +3 ring of evasion
                                a - ring of loudness (curse)

@: exhausted, starving, slowed, very slow, not resistant to hostile
enchantments, extremely unstealthy
A: retaliatory headbutt, horns 2
a: Berserk, Trog's Hand, Brothers in Arms, Burn Spellbooks, Renounce Religion


You were on level 6 of the Dungeon.
You worshipped Trog.
Trog was greatly pleased with you.
You were starving.

You visited 1 branch of the dungeon, and saw 6 of its levels.

You collected 376 gold pieces.

Inventory:

Hand Weapons
 h - a +0 war axe (weapon)
Armour
 e - a +0 plate armour (worn)
 m - a cursed +0 large shield (worn)
 p - a +0 pair of gloves (worn)
 u - a +0 pair of boots (worn)
 v - a +0 cloak (worn)
Jewellery
 a - a cursed ring of loudness (left hand)
 y - an uncursed ring of see invisible
 B - a +3 ring of evasion (right hand)
Wands
 A - a wand of hasting (2/9)
Scrolls
 b - 4 scrolls of identify {unknown}
 d - 2 scrolls of random uselessness {unknown}
 g - 3 scrolls of amnesia {unknown}
 j - 2 scrolls of noise {unknown}
 k - 2 scrolls of remove curse {unknown}
 l - a scroll of fear {unknown}
 q - a scroll of fog {unknown}
 r - 2 scrolls of teleportation {unknown}
 t - a scroll of immolation {unknown}
 x - a scroll of enchant armour {unknown}
Potions
 i - a potion of might {unknown}
 o - a potion of invisibility {unknown}
 s - 3 potions of curing
 w - a potion of heal wounds {unknown}
 z - 2 potions of flight {unknown}
 C - a potion of brilliance {unknown}
 D - a potion of resistance {unknown}
Comestibles
 c - 6 bread rations
 f - 2 meat rations
 n - a beef jerky


   Skills:
 * Level 7.0 Fighting
 * Level 7.1 Axes
 + Level 4.8 Armour
 + Level 4.3 Dodging
 * Level 7.7 Shields


You had 7 spell levels left.
You didn't know any spells.

Dungeon Overview and Level Annotations

Branches:
Dungeon (6/15)             Temple (0/1) D:5

Altars:
Cheibriados
Dithmenos
Elyvilon
Gozag
Kikubaaqudgha
Nemelex Xobeh
Pakellas
Ru
Sif Muna
Trog
Yredelemnul
Zin


Innate Abilities, Weirdness & Mutations

You reflexively headbutt those who attack you in melee.
You have a pair of horns on your head.


Message History

Unknown command.
Your shield and plate armour prevent you from hitting the troll.
You hit the gnoll.
The gnoll is heavily wounded.
The troll bites you. You block the troll's attack.
The troll claws you but does no damage. You block the gnoll's attack.
The troll bites you.
* * * LOW HITPOINT WARNING * * *
The troll claws you!
* * * LOW HITPOINT WARNING * * *
The troll claws you.
* * * LOW HITPOINT WARNING * * *
You block the gnoll's attack.
You closely miss the troll. Your headbutt misses the troll.
Your plate armour prevents you from hitting the gnoll.
The gnoll is heavily wounded.
You closely miss the quokka. You block the quokka's attack.
The troll bites you but does no damage. You block the troll's attack.
The troll claws you!
You die...

.... ..
....##.####
..........#
..........#
.. #........#
...
........#....
#...g......
#..@T...>..
#.)r)...###
#.....###
#.....#
#.!...#
.........
.#........
............
. ..........


You could see a troll, a gnoll and a quokka.

Vanquished Creatures
  The ghost of shmeve the Cleaver, a novice MiBe of Trog (D:6)
  Sigmund (D:3)
  An orc warrior (D:6)
  An ogre (D:5)
  2 hounds (D:5)
  3 orc wizards
  An orc priest (D:5)
  A centaur skeleton (D:5)
  3 giant frog skeletons (D:5)
  Ijyb (D:2)
  2 worker ants (D:4)
  A hound zombie (D:5)
  A hound skeleton (D:4)
  A worker ant zombie (D:6)
  6 adders
  9 gnolls
  An ooze (D:1)
  An adder skeleton (D:4)
  2 worms (D:3)
  5 dart slugs
  7 giant geckos
  20 orcs
  6 bats
  6 giant cockroaches
  5 goblins
  8 hobgoblins
  5 jackals (D:2)
  12 kobolds
  3 quokkas
  2 ball pythons
  A giant gecko skeleton (D:4)
  3 giant newts
  A jackal skeleton (D:4)
  14 rats
137 creatures vanquished.

Vanquished Creatures (others)
  A plant (D:3)
1 creature vanquished.

Grand Total: 138 creatures vanquished

Notes
Turn   | Place    | Note
--------------------------------------------------------------
     0 | D:1      | shmeve the Minotaur Berserker began the quest for the Orb.
     0 | D:1      | Reached XP level 1. HP: 19/19 MP: 0/0
   153 | D:1      | Reached XP level 2. HP: 10/27 MP: 1/1
   757 | D:2      | Reached XP level 3. HP: 33/33 MP: 2/2
   797 | D:2      | Reached ** piety under Trog
  1231 | D:2      | Found a basalt altar of Yredelemnul.
  1235 | D:2      | Found a glowing silver altar of Zin.
  1237 | D:2      | Found a white marble altar of Elyvilon.
  1340 | D:2      | Reached XP level 4. HP: 29/41 MP: 3/3
  1581 | D:2      | Reached skill level 1 in Shields
  1598 | D:2      | Found a sacrificial altar of Ru.
  1695 | D:2      | Noticed Ijyb
  1710 | D:2      | Killed Ijyb
  1710 | D:2      | Reached XP level 5. HP: 47/47 MP: 4/4
  1755 | D:3      | Noticed Sigmund
  1765 | D:3      | Killed Sigmund
  1765 | D:3      | Reached skill level 5 in Shields
  1765 | D:3      | Reached XP level 6. HP: 53/53 MP: 5/5
  1795 | D:3      | Reached *** piety under Trog
  2134 | D:3      | Reached **** piety under Trog
  2782 | D:4      | Found a deep blue altar of Sif Muna.
  2783 | D:4      | Found an oddly glowing altar of Pakellas.
  2783 | D:4      | Found an ancient bone altar of Kikubaaqudgha.
  2783 | D:4      | Found a sparkling altar of Nemelex Xobeh.
  2783 | D:4      | Found a snail-covered altar of Cheibriados.
  2784 | D:4      | Found a sacrificial altar of Ru.
  2832 | D:4      | Reached skill level 5 in Axes
  3209 | D:4      | Reached skill level 5 in Fighting
  3209 | D:4      | Reached XP level 7. HP: 61/61 MP: 6/6
  3231 | D:5      | Entered Level 5 of the Dungeon
  3251 | D:5      | Found an opulent altar of Gozag.
  3316 | D:5      | Found a staircase to the Ecumenical Temple.
  3746 | D:5      | Found a basalt altar of Yredelemnul.
  3850 | D:5      | Found a bloodstained altar of Trog.
  3852 | D:5      | Found a shadowy altar of Dithmenos.
  4111 | D:6      | Noticed shmeve's ghost (novice MiBe)
  4126 | D:6      | Reached XP level 8. HP: 35/70 MP: 7/7
  4129 | D:6      | Killed shmeve's ghost
  4133 | D:6      | Noticed a troll
  4138 | D:6      | Slain by a troll

Skill      XL: |  1  2  3  4  5  6  7  8 |
---------------+-------------------------+-----
Fighting       | 4 5 6 7 |  7.0
Axes           | 4 5 6 7 |  7.1
Armour         | 3 4 |  4.8
Shields        | 3 5 6 7 |  7.7
Dodging        | 3 4 |  4.3

Action                   |  1- 3 |  4- 6 |  7- 9 || total
-------------------------+-------+-------+-------++-------
Melee: Hand axe          |    63 |       |       ||    63
       Headbutt          |    10 |    32 |    15 ||    57
       War axe           |    24 |   214 |    81 ||   319
Invok: Berserk           |       |     1 |     1 ||     2
       Trog's Hand       |       |       |     1 ||     1
 Stab: Paralysed         |       |     1 |       ||     1
  Eat: Chunk             |     1 |     8 |     2 ||    11
Armor: Animal skin       |     5 |       |       ||     5
       Plate armour      |    62 |   139 |    53 ||   254
Dodge: Dodged            |    34 |    40 |    25 ||    99
Block: Large shield      |       |   154 |    94 ||   248
